 Dungeon Crawl Stone Soup version 0.27.1-2-g3b301248ec (webtiles) character file.

Game seed: 1455193305848495549

2877 Descartes the Grappler (level 9, -2/75 HPs)
             Began as a Troll Transmuter on Oct 5, 2021.
             Was a Priest of Elyvilon.
             Slain by a gnoll (4 damage)
             ... in a bailey.
             The game lasted 00:11:48 (5872 turns).

Descartes the Grappler (Troll Transmuter)           Turns: 5872, Time: 00:11:50

Health: -2/75      AC:  4    Str: 20    XL:     9   Next: 48%
Magic:  9/9        EV:  6    Int: 12    God:    Elyvilon [***...]
Gold:   393        SH:  0    Dex: 10    Spells: 4/10 levels left

rFire    . . .     SeeInvis .     - Unarmed
rCold    + . .     Faith    .   (no shield)
rNeg     + . .     Spirit   .   a - +0 robe
rPois    .         Reflect  +   (helmet restricted)
rElec    .         Harm     .   (no cloak)
rCorr    .         Rampage  .   (gloves unavailable)
Will     .....                  (boots unavailable)
Stlth    +.........             k - amulet of reflection
HPRegen  1.22/turn              f - ring of positive energy
MPRegen  0.11/turn              z - ring of protection from cold

@: held, studying Poison Magic
A: large, unfitting armour, claws 3, regeneration 1, shaggy fur 1, tough skin 1
a: Renounce Religion, Lesser Healing, Heal Other, Purification, Divine
Protection


You were in a bailey.
You worshipped Elyvilon.
Elyvilon was most pleased with you.
You visited 2 branches of the dungeon, and saw 9 of its levels.
You also visited: Sewer and Bailey.

You collected 393 gold pieces.

Inventory:

Hand Weapons
 q - a +0 giant spiked club
 s - a +3 battleaxe of freezing
Missiles
 c - 230 stones
 d - 22 poisoned darts
 r - a curare-tipped dart
 u - a throwing net
 v - 7 boomerangs
Armour
 a - a +0 robe (worn)
Jewellery
 f - a ring of positive energy (left claw)
 k - an amulet of reflection (around neck)
 o - a ring of positive energy
 z - a ring of protection from cold (right claw)
Wands
 l - a wand of polymorph (12)
 t - a wand of acid (15)
 w - a wand of iceblast (9)
Scrolls
 b - 2 scrolls of teleportation
 n - 4 scrolls of amnesia
 p - a scroll of fog
 A - 2 scrolls of immolation
Potions
 e - a potion of magic {unknown}
 g - 4 potions of heal wounds
 h - 2 potions of might {unknown}
 i - 2 potions of flight
 j - 2 potions of curing {unknown}
 m - a potion of ambrosia {unknown}
 x - a potion of attraction {unknown}


   Skills:
 - Level 0.7 Fighting
 - Level 5.0 Armour
 - Level 5.0 Dodging
 + Level 8.4 Unarmed Combat
 - Level 1.2 Spellcasting
 - Level 5.0 Transmutations
 + Level 0.6 Evocations


You had 4 spell levels left.
You knew the following spells:

 Your Spells              Type           Power      Damage    Failure   Level
a - Beastly Appendage     Tmut           24%        N/A       3%          1
b - Wereblood             Tmut           12%        N/A       6%          2
c - Spider Form           Tmut/Pois      3%         N/A       32%         3

Your spell library contained the following spells:

 Spells                   Type           Power      Damage    Failure   Level
 Passwall                 Tmut/Erth      5%         N/A       16%         2
 Animate Skeleton         Necr           0%         N/A       30%         1
 Corona                   Hex            0%         N/A       30%         1
 Pain                     Necr           0%         1d4       30%         1
 Ensorcelled Hibernation  Hex/Ice        0%         N/A       41%         2
 Dazzling Flash           Conj/Hex       0%         N/A       65%         3
 Swiftness                Air            0%         N/A       65%         3
 Tukima's Dance           Hex            0%         N/A       65%         3
 Vampiric Draining        Necr           0%         2d6       65%         3
 Ice Form                 Ice/Tmut       6%         N/A       71%         4
 Agony                    Necr           0%         N/A       100%        5
 Silence                  Hex/Air        0%         N/A       100%        5
 Invisibility             Hex            0%         N/A       100%        6


Dungeon Overview and Level Annotations

Branches:
Dungeon (8/15)             Temple (1/1) D:4           Sewer (visited)
 Bailey (1/1)
   Lair: D:8-11

Altars:
Ashenzari
Cheibriados
Dithmenos
Elyvilon
Fedhas
Gozag
Hepliaklqana
Kikubaaqudgha
Nemelex Xobeh
Okawaru
Qazlal
Ru
Sif Muna
Trog
Uskayaw
Wu Jian
Xom
Yredelemnul
Zin
The Shining One

Shops:
D:5 *   D:6 (


Innate Abilities, Weirdness & Mutations

You are too large for most types of armour.
You have claws for hands.
Your natural rate of healing is unusually fast.
You are covered in fur. (AC +1)
You have tough skin. (AC +1)


Message History

a +0 trident; a +0 chain mail You open the door. 2 gnolls and a gnoll sergeant come into view.
The gnoll sergeant shouts!
The gnoll shouts!
You hear a shout!
A gnoll shaman comes into view. It is wielding a +0 halberd.
A gnoll sergeant comes into view. It is wielding a +0 glaive.
Found 11 gold pieces.
A gnoll comes into view. It is wielding a +0 spear.
Found 16 gold pieces.
The gnoll sergeant shouts!
The gnoll shouts! x2
The gnoll throws a throwing net.
The throwing net barely misses you.
There is an open door here.
The gnoll barely misses you. The gnoll shaman closely misses you.
The gnoll hits you but does no damage. The gnoll sergeant closely misses you.
You scratch the gnoll.
The gnoll is heavily wounded.
You block the gnoll's attack. The gnoll shaman barely misses you.
The gnoll hits you from afar with a +0 spear!
The gnoll sergeant closely misses you.
You claw the gnoll!
You kill the gnoll!
The gnoll shaman hits you from afar with a +0 halberd!
You block the gnoll's attack.
The gnoll sergeant hits you from afar with a +0 glaive!
The gnoll throws a throwing net.
The throwing net hits you.
You become entangled in the net!
You struggle against the net.
The gnoll shaman hits you from afar with a +0 halberd!
The gnoll closely misses you.
The gnoll sergeant hits you from afar with a +0 glaive.
The gnoll hits you from afar with a +0 trident.
You tear a large gash into the net.
The gnoll shaman hits you from afar with a +0 halberd!!
* * * LOW HITPOINT WARNING * * *
The gnoll completely misses you.
The gnoll sergeant hits you from afar with a +0 glaive!
* * * LOW HITPOINT WARNING * * *
The gnoll hits you from afar with a +0 trident.
You die...

##+## ##...##
##.....##
#..g....#
#..g8gg.#
#..)..g.# #..@..#
##...## ##'##
#..)# #...# ≈
#(..#
≈.######'''######
≈................
≈≈...............


You could see 2 gnoll sergeants, a gnoll shaman and 2 gnolls.

Vanquished Creatures
  Maurice (D:8)
  2 steam dragons
  An orc warrior (D:7)
  A sky beast (D:6)
  A centaur (D:7)
  6 ogres
  A phantom (D:4)
  2 kobold brigands
  A bullfrog (D:5)
  2 scorpions
  A water moccasin skeleton (D:6)
  3 wights (D:6)
  2 bullfrog zombies
  2 centaur zombies
  5 hounds
  A jelly (D:6)
  4 orc priests
  2 bullfrog skeletons
  2 iguanas
  Natasha (thrice) (D:4)
  9 gnolls
  A howler monkey skeleton (D:4)
  9 adders
  3 river rats (D:3)
  2 ufetubi (D:4)
  An adder zombie (D:5)
  2 worms
  24 orcs
  7 bats
  5 endoplasms
  6 giant cockroaches
  11 goblins
  10 hobgoblins
  24 jackals
  3 quokkas (D:2)
  5 ball pythons
  11 frilled lizards
  15 kobolds
  11 rats
202 creatures vanquished.

Vanquished Creatures (others)
  2 plants (D:3)
2 creatures vanquished.

Grand Total: 204 creatures vanquished

Notes
Turn   | Place    | Note
-------+----------+-------------------------------------------
     0 | D:1      | Descartes the Troll Transmuter began the quest for the Orb.
     0 | D:1      | Reached XP level 1. HP: 18/18 MP: 1/1
    39 | D:1      | Reached XP level 2. HP: 26/26 MP: 2/2
   153 | D:1      | Reached XP level 3. HP: 32/32 MP: 3/3
   207 | D:1      | Reached skill level 1 in Armour
   297 | D:1      | Found a faded altar of an unknown god.
   902 | D:2      | Reached XP level 4. HP: 40/40 MP: 4/4
  1735 | D:3      | Found a glowing drain.
  1747 | Sewer    | Entered a sewer
  1750 | Sewer    | Reached XP level 5. HP: 46/46 MP: 5/5
  1815 | Sewer    | Reached skill level 4 in Unarmed Combat
  1846 | Sewer    | Found a white marble altar of Elyvilon.
  1916 | Sewer    | Became a worshipper of Elyvilon the Healer
  2346 | D:4      | Noticed a phantom
  2355 | D:4      | Found a shadowy altar of Dithmenos.
  2358 | D:4      | Killed a phantom
  2359 | D:4      | Reached XP level 6. HP: 43/54 MP: 6/6
  2402 | D:4      | Noticed Natasha
  2410 | D:4      | Killed Natasha
  2552 | D:4      | Reached * piety under Elyvilon
  2614 | D:4      | Found a staircase to the Ecumenical Temple.
  2626 | Temple   | Entered the Ecumenical Temple
  2766 | D:4      | Noticed Natasha
  2785 | D:4      | Killed Natasha
  2823 | D:4      | Reached XP level 7. HP: 38/61 MP: 7/7
  2922 | D:4      | Found a blossoming altar of Fedhas.
  2922 | D:4      | Found a hide-covered altar of Uskayaw.
  2923 | D:4      | Found an iron altar of Okawaru.
  3041 | D:4      | Noticed Natasha
  3049 | D:4      | Killed Natasha
  3165 | D:5      | Entered Level 5 of the Dungeon
  3346 | D:5      | Reached ** piety under Elyvilon
  3361 | D:5      | Found Ecseabaz's General Store.
  3448 | D:5      | Reached skill level 5 in Unarmed Combat
  3566 | D:5      | Learned a level 2 spell: Wereblood
  3631 | D:5      | Reached XP level 8. HP: 39/68 MP: 8/8
  4098 | D:6      | Found an ornate altar of the Wu Jian Council.
  4099 | D:6      | Found a white marble altar of Elyvilon.
  4202 | D:6      | Reached skill level 6 in Unarmed Combat
  4365 | D:6      | Found Vyss's Weapon Shop.
  4479 | D:6      | Found a hazy altar of Hepliaklqana.
  4480 | D:6      | Found a shimmering altar of Xom.
  4481 | D:6      | Noticed a spectral ugly thing
  4674 | D:6      | Reached *** piety under Elyvilon
  4834 | D:7      | Reached skill level 5 in Dodging
  4840 | D:7      | Found an ancient bone altar of Kikubaaqudgha.
  4900 | D:7      | HP: 1/68 [steam dragon (5)]
  4904 | D:7      | Reached XP level 9. HP: 20/75 MP: 9/9
  4921 | D:7      | Learned a level 3 spell: Spider Form
  5094 | D:7      | Reached skill level 5 in Armour
  5357 | D:7      | Reached skill level 7 in Unarmed Combat
  5357 | D:7      | Reached skill level 5 in Transmutations
  5595 | D:7      | Found an opulent altar of Gozag.
  5756 | D:8      | Noticed Maurice
  5763 | D:8      | Killed Maurice
  5764 | D:8      | Reached skill level 8 in Unarmed Combat
  5774 | D:8      | Found a flagged portal.
  5802 | Bailey   | Entered a bailey
  5872 | Bailey   | HP: 2/75 [gnoll sergeant (9)]
  5872 | Bailey   | Slain by a gnoll

Illustrated notes

Levels and vault maps discovered:
D:1:      dpeg_arrival_pond, layout_loops_cross,
          hellmonk_ecumenical_altar_crossroads, minmay_tromino_i4
D:2:      layout_loops_corners
D:3:      layout_rooms, serial_curves, eino_curves_02, eino_curves_04,
          gup_sewer_entry_bubbles, minmay_lizard_king
D:4:      layout_basic, nicolae_dithmenos_shadow_blocks,
          gammafunk_temple_overflow_claw, minmay_temple_entry_stoned_glass,
          kennysheep_small_circle, uniq_natasha
D:5:      layout_loops_ring, serial_shops, nicolae_diamond_shop,
          grunt_ministairs_9, grunt_decor_resistance
D:6:      layout_loops_ring, regret_index_temple_of_mockery,
          mainiacjoe_overflow_divided_tiny, serial_shops, shop,
          grunt_ministairs_15
D:7:      layout_cave_pods, mainiacjoe_overflow_brackets,
          nicolae_gozag_cash_rules_everything_around_me, minmay_manual_mess
D:8:      layout_basic, grunt_temple_overflow_lords_of_destruction,
          enter_bailey_5, uniq_prince_ribbit1, uniq_grum, uniq_maurice
Temple:   cyrus_temple_forest
Bailey:   bailey_polearm_gnolls_kennysheep, bailey

Skill      XL: |  1  2  3  4  5  6  7  8  9 |
---------------+----------------------------+-----
Dodging        | 2 3 4 5 |  5.0
Armour         | 1 2 3 4 5 |  5.0
Transmutations | 2 3 4 5 |  5.0
Unarmed Combat | 4 5 6 8 |  8.4
Fighting       | |  0.7
Spellcasting   | |  1.2
Evocations     | |  0.6

Action                   |  1- 3 |  4- 6 |  7- 9 || total
-------------------------+-------+-------+-------++-------
Melee: Unarmed           |   108 |   251 |   302 ||   661
       Punch             |       |     5 |     7 ||    12
  Use: Scroll            |       |     3 |     4 ||     7
       Potion            |       |       |     1 ||     1
 Stab: Sleeping          |       |     1 |       ||     1
Armor: Robe              |    66 |    60 |    41 ||   167
Dodge: Dodged            |    77 |   129 |   131 ||   337
Block: Other             |       |    27 |    62 ||    89
